Selects Australian Defense Battlegroup
Selects Australian Light Infantry Section
Australian Light Infantry Section
Construct Section Command Post
Australian Light Infantry Section
Construct Section Command Post
Construct Field Infirmary
Selects 2-pounder Anti-tank Gun Team
Construct Platoon Command Post
2-pounder Anti-tank Gun Team
Australian Light Infantry Section
6-pounder Anti-tank Gun Team
Selects Vehicle Over Repair
2-pounder Anti-tank Gun Team
Selects CMP 15cwt Supply Run
Selects Artillery Trip Wire Flares
Construct Company Command Post
Selects Archer Tank Destroyer
2-pounder Anti-tank Gun Team
Australian Light Infantry Section